% Time on Ice - TEXAS TOROS
Lines # - Real PCT - Wanted PCT - Time Play
Normal Forward
1 - 35% - 38% - 18:43
2 - 31% - 33% - 16:54
3 - 22% - 21% - 11:52
4 - 12% - 8% - 6:15
Normal Defense
1 - 36% - 36% - 19:13
2 - 31% - 31% - 16:53
3 - 26% - 23% - 13:58
4 - 7% - 10% - 3:40
PP Forward
1 - 29% - 55% - 1:15
2 - 71% - 45% - 3:02
PP Defense
1 - 54% - 55% - 2:19
2 - 46% - 45% - 1:58
PK Forward
1 - 41% - 55% - 0:49
2 - 59% - 45% - 1:10
PK Defense
1 - 39% - 55% - 0:47
2 - 61% - 45% - 1:12
PK3 Forward
1 - 0% - 55%
2 - 0% - 45%
PK3 Defense
1 - 0% - 55%
2 - 0% - 45%
44 Forward
1 - 0% - 55%
2 - 0% - 45%
44 Defense
1 - 0% - 55%
2 - 0% - 45%
Last Minute Offensive  - 0:00
Last Minute Defensive  - 0:00
Total
Forward - 60:00
Defense - 60:00
% Time on Ice - WINNIPEG BEAVERS
Lines # - Real PCT - Wanted PCT - Time Play
Normal Forward
1 - 34% - 34% - 18:03
2 - 34% - 32% - 18:01
3 - 25% - 25% - 13:15
4 - 8% - 9% - 4:25
Normal Defense
1 - 34% - 33% - 18:06
2 - 34% - 31% - 18:16
3 - 27% - 27% - 14:29
4 - 5% - 9% - 2:53
PP Forward
1 - 59% - 52% - 1:10
2 - 41% - 48% - 0:49
PP Defense
1 - 59% - 51% - 1:10
2 - 41% - 49% - 0:49
PK Forward
1 - 59% - 52% - 2:32
2 - 41% - 48% - 1:45
PK Defense
1 - 48% - 50% - 2:04
2 - 52% - 50% - 2:13
PK3 Forward
1 - 0% - 55%
2 - 0% - 45%
PK3 Defense
1 - 0% - 55%
2 - 0% - 45%
44 Forward
1 - 0% - 51%
2 - 0% - 49%
44 Defense
1 - 0% - 51%
2 - 0% - 49%
Last Minute Offensive  - 0:00
Last Minute Defensive  - 0:00
Total
Forward - 60:00
Defense - 60:00
Play-by-Play 1st period 0:01 of 1st period - Derek Stepan wins face-off versus David Krejci in neutral zone. 0:01 of 1st period - Tyson Barrie is hit by Brad Marchand. 0:20 of 1st period - Minor Penalty to Erik Johnson for Hooking. 0:21 of 1st period - Mika Zibanejad wins face-off versus Brock McGinn in TEXAS TOROS zone. 0:38 of 1st period - Shot by Reyley Smith. 0:38 of 1st period - Stopped by Anders Nilsson without a rebound. 0:39 of 1st period - David Krejci wins face-off versus Justin Abdelkader in TEXAS TOROS zone. 0:42 of 1st period - Shot by Gustav Nyquist. 0:42 of 1st period - Shot Misses the Net. 0:49 of 1st period - Gustav Nyquist is hit by Patrik Nemeth and loses puck. 0:52 of 1st period - Shot by Justin Braun. 0:52 of 1st period - Shot Blocked by Patrik Nemeth. 0:54 of 1st period - Shot by David Krejci. 0:54 of 1st period - Stopped by Anders Nilsson without a rebound. 0:55 of 1st period - Brock McGinn wins face-off versus Mika Zibanejad in TEXAS TOROS zone. 2:19 of 1st period - Shot by Brock McGinn. 2:19 of 1st period - Shot Misses the Net. 2:37 of 1st period - Shot by Travis Zajac. 2:37 of 1st period - Shot Misses the Net. 2:39 of 1st period - Shot by Travis Zajac. 2:39 of 1st period - Shot Misses the Net. 3:09 of 1st period - Nick Seeler is hit by Nathan Walker and loses puck. 5:09 of 1st period - Icing by Gustav Nyquist. 5:10 of 1st period - Derek Stepan wins face-off versus David Krejci in WINNIPEG BEAVERS zone. 5:45 of 1st period - Icing by Justin Abdelkader. 5:46 of 1st period - Travis Zajac wins face-off versus Derek Stepan in TEXAS TOROS zone. 5:49 of 1st period - Shot by Travis Zajac. 5:49 of 1st period - Stopped by Anders Nilsson with a rebound. 5:59 of 1st period - Shot by Tyson Barrie. 5:59 of 1st period - Stopped by Sergei Bobrovsky without a rebound. 6:00 of 1st period - Nick Schmaltz wins face-off versus Mika Zibanejad in WINNIPEG BEAVERS zone. 6:28 of 1st period - Shot by Mika Zibanejad. 6:28 of 1st period - Stopped by Anders Nilsson without a rebound. 6:29 of 1st period - Jack Roslovic wins face-off versus David Krejci in TEXAS TOROS zone. 6:39 of 1st period - Icing by David Krejci. 6:40 of 1st period - David Krejci wins face-off versus Derek Stepan in WINNIPEG BEAVERS zone. 6:40 of 1st period - David Krejci is hit by Justin Abdelkader. 6:56 of 1st period - Shot by Derek Stepan. 6:56 of 1st period - Shot Misses the Net. 6:58 of 1st period - Shot by Derek Stepan. 6:58 of 1st period - Stopped by Sergei Bobrovsky without a rebound. 6:59 of 1st period - Nick Schmaltz wins face-off versus Reyley Smith in WINNIPEG BEAVERS zone. 7:34 of 1st period - Shot by Jake Virtanen. 7:34 of 1st period - Shot Blocked by Justin Braun. 7:36 of 1st period - Shot by Jake Virtanen. 7:36 of 1st period - Stopped by Sergei Bobrovsky without a rebound. 7:37 of 1st period - Derek Stepan wins face-off versus Travis Zajac in WINNIPEG BEAVERS zone. 7:40 of 1st period - Shot by Brock McGinn. 7:40 of 1st period - Deflect By Derek Stepan. 7:40 of 1st period - Shot Misses the Net. 7:57 of 1st period - Icing by Erik Johnson. 7:58 of 1st period - Derek Stepan wins face-off versus David Krejci in TEXAS TOROS zone. 7:58 of 1st period - Derek Stepan is hit by Brad Marchand. 9:13 of 1st period - Nick Schmaltz is hit by Nick Seeler and loses puck. 9:21 of 1st period - David Backes is hit by Braydon Coburn and loses puck. 9:29 of 1st period - Travis Zajac is hit by Patrik Nemeth. 10:59 of 1st period - Jack Roslovic is hit by Pontus Aberg. 11:28 of 1st period - Icing by Derek Stepan. 11:29 of 1st period - Derek Stepan wins face-off versus Gustav Nyquist in TEXAS TOROS zone. 11:47 of 1st period - David Krejci is hit by Braydon Coburn and loses puck. 11:51 of 1st period - Icing by Patrik Nemeth. 11:52 of 1st period - Travis Zajac wins face-off versus Nick Schmaltz in TEXAS TOROS zone. 12:10 of 1st period - Shot by Travis Zajac. 12:10 of 1st period - Stopped by Anders Nilsson without a rebound. 12:11 of 1st period - Mika Zibanejad wins face-off versus Riley Nash in TEXAS TOROS zone. 12:22 of 1st period - Shot by Mika Zibanejad. 12:22 of 1st period - Goal by Mika Zibanejad - TEXAS TOROS : 0 - WINNIPEG BEAVERS : 1. 12:23 of 1st period - Nick Schmaltz wins face-off versus Brad Marchand in neutral zone. 12:50 of 1st period - Shot by Gustav Nyquist. 12:50 of 1st period - Shot Misses the Net. 12:52 of 1st period - Shot by Brad Marchand. 12:52 of 1st period - Goal by Brad Marchand - TEXAS TOROS : 0 - WINNIPEG BEAVERS : 2. 12:53 of 1st period - Derek Stepan wins face-off versus Mika Zibanejad in neutral zone. 13:19 of 1st period - Shot by Brock McGinn. 13:19 of 1st period - Stopped by Sergei Bobrovsky without a rebound. 13:20 of 1st period - Travis Zajac wins face-off versus Riley Nash in WINNIPEG BEAVERS zone. 14:02 of 1st period - Shot by Brandon Tanev. 14:02 of 1st period - Shot Blocked by Tyson Barrie. 14:59 of 1st period - Derek Stepan is hit by Kris Russell and loses puck. 15:14 of 1st period - Shot by David Krejci. 15:14 of 1st period - Goal by David Krejci - TEXAS TOROS : 0 - WINNIPEG BEAVERS : 3. 15:15 of 1st period - Mika Zibanejad wins face-off versus Nick Schmaltz in neutral zone. 15:36 of 1st period - Shot by Mika Zibanejad. 15:36 of 1st period - Stopped by Anders Nilsson without a rebound. 15:37 of 1st period - Jack Roslovic wins face-off versus David Krejci in TEXAS TOROS zone. 15:51 of 1st period - Shot by David Krejci. 15:51 of 1st period - Shot Misses the Net. 15:53 of 1st period - Shot by David Krejci. 15:53 of 1st period - Shot Misses the Net. 15:59 of 1st period - Shot by Brad Marchand. 15:59 of 1st period - Goal by Brad Marchand - TEXAS TOROS : 0 - WINNIPEG BEAVERS : 4. 15:59 of 1st period - Cory Schneider enters game. 16:00 of 1st period - Mika Zibanejad wins face-off versus Nick Schmaltz in neutral zone. 16:02 of 1st period - Reyley Smith is hit by Patrik Nemeth and loses puck. 16:09 of 1st period - Shot by Reyley Smith. 16:09 of 1st period - Stopped by Cory Schneider without a rebound. 16:10 of 1st period - Mika Zibanejad wins face-off versus Riley Nash in TEXAS TOROS zone. 16:32 of 1st period - Shot by Mika Zibanejad. 16:32 of 1st period - Stopped by Cory Schneider without a rebound. 16:33 of 1st period - Derek Stepan wins face-off versus David Krejci in TEXAS TOROS zone. 17:13 of 1st period - Shot by Derek Stepan. 17:13 of 1st period - Deflect By Justin Abdelkader. 17:13 of 1st period - Shot Blocked by Gustav Nyquist. 17:15 of 1st period - Shot by Derek Stepan. 17:15 of 1st period - Deflect By Justin Abdelkader. 17:15 of 1st period - Stopped by Sergei Bobrovsky without a rebound. 17:16 of 1st period - Nick Schmaltz wins face-off versus Mika Zibanejad in WINNIPEG BEAVERS zone. 18:07 of 1st period - Off-side. 18:08 of 1st period - Riley Nash wins face-off versus David Krejci in neutral zone. 18:31 of 1st period - Shot by Gustav Nyquist. 18:31 of 1st period - Stopped by Cory Schneider without a rebound. 18:32 of 1st period - Derek Stepan wins face-off versus Travis Zajac in TEXAS TOROS zone. 18:41 of 1st period - Shot by Derek Stepan. 18:41 of 1st period - Stopped by Sergei Bobrovsky with a rebound. 18:50 of 1st period - Brock McGinn is hit by Nick Seeler and loses puck. 19:05 of 1st period - Shot by Derek Stepan. 19:05 of 1st period - Deflect By Justin Abdelkader. 19:05 of 1st period - Stopped by Sergei Bobrovsky without a rebound. 19:06 of 1st period - Mika Zibanejad wins face-off versus Nick Schmaltz in WINNIPEG BEAVERS zone. 19:24 of 1st period - Icing by Erik Johnson. 19:25 of 1st period - Nick Schmaltz wins face-off versus Gustav Nyquist in TEXAS TOROS zone. 19:34 of 1st period - David Krejci is hit by Jake Virtanen and loses puck. Goals for this period are 0 for TEXAS TOROS vs 4 for WINNIPEG BEAVERS. Shots for this period are 7 for TEXAS TOROS vs 13 for WINNIPEG BEAVERS. 2nd period 0:01 of 2nd period - Mika Zibanejad wins face-off versus Derek Stepan in neutral zone. 0:30 of 2nd period - Shot by Mika Zibanejad. 0:30 of 2nd period - Stopped by Cory Schneider without a rebound. 0:31 of 2nd period - Travis Zajac wins face-off versus Nick Schmaltz in TEXAS TOROS zone. 0:36 of 2nd period - Shot by Travis Zajac. 0:36 of 2nd period - Stopped by Cory Schneider without a rebound. 0:37 of 2nd period - Travis Zajac wins face-off versus Nick Schmaltz in TEXAS TOROS zone. 0:37 of 2nd period - Brandon Tanev is hit by Erik Johnson and loses puck. 0:40 of 2nd period - Shot by Brandon Tanev. 0:40 of 2nd period - Stopped by Cory Schneider without a rebound. 0:41 of 2nd period - David Krejci wins face-off versus Derek Stepan in TEXAS TOROS zone. 1:11 of 2nd period - Shot by Gustav Nyquist. 1:11 of 2nd period - Deflect By Brad Marchand. 1:11 of 2nd period - Stopped by Cory Schneider without a rebound. 1:12 of 2nd period - T